 Dungeon Crawl Stone Soup version 0.30-a0-134-gb40fab5c76 (webtiles) character file.

Game seed: 8818033046874627999

164 IdlyInterested the Twirler (level 5, 0/41 HPs)
             Began as a Demonspawn Wanderer on Sept 19, 2022.
             Slain by an orc
             ... wielding a +0 flail of protection
              (4 damage)
             ... on level 4 of the Dungeon.
             The game lasted 00:12:18 (3423 turns).

IdlyInterested the Twirler (Demonspawn Wanderer)    Turns: 3423, Time: 00:12:18

Health: 0/41       AC:  5    Str: 12    XL:     5   Next: 21%
Magic:  2/7        EV: 11    Int: 20    God:
Gold:   253        SH:  0    Dex:  8    Spells: 3/7 levels left

rFire   . . .      SeeInvis .    a - +0 quarterstaff
rCold   . . .      Faith    .    (shield currently unavailable)
rNeg    . . .      Spirit   .    r - +0 leather armour
rPois   .          Reflect  .    f - +0 helmet
rElec   .          Harm     .    (no cloak)
rCorr   .          Rampage  .    p - +0 pair of gloves
Will    .....                    (no boots)
Stlth   +.........               (no amulet)
HPRegen 0.13/turn                c - ring of wizardry
MPRegen 0.10/turn                (no ring)

@: no status effects
A: powered by death 1, deterioration 1, robust 1
a: no special abilities


You were on level 4 of the Dungeon.
You visited 1 branch of the dungeon, and saw 4 of its levels.

You collected 253 gold pieces.

Inventory:

Hand Weapons
 a - a +0 quarterstaff (weapon)
 g - a +0 short sword
 l - a +0 flail
 q - a +0 war axe
 s - a +1 dagger of speed
 u - a +0 rapier
Missiles
 b - 16 poisoned darts
 o - 4 atropa-tipped darts
Armour
 e - a +0 robe
 f - a +0 helmet (worn)
 m - a +0 ring mail
 p - a +0 pair of gloves (worn)
 r - a +0 leather armour (worn)
 t - a +0 scale mail
Jewellery
 c - a ring of wizardry (left hand)
Scrolls
 d - a scroll of fear
 n - a scroll of butterflies
 w - a scroll of blinking
 y - a scroll of teleportation
 B - a scroll of enchant weapon {unknown}
Potions
 h - a potion of curing
 i - a potion of attraction {unknown}
 j - a potion of might {unknown}
 k - a potion of invisibility
 v - a potion of mutation
 x - a potion of lignification {unknown}
 z - a potion of heal wounds {unknown}
 A - a potion of degeneration {unknown}


   Skills:
 - Level 2.0 Fighting
 * Level 4.0 Staves
 - Level 2.0 Throwing
 - Level 1.0 Armour
 - Level 1.0 Dodging
 + Level 1.4 Stealth
 + Level 1.5 Spellcasting
 + Level 1.2 Transmutations
 - Level 2.0 Poison Magic


You had 3 spell levels left.
You knew the following spells:

 Your Spells              Type           Power      Damage    Failure   Level
a - Sting                 Tmut/Pois      32%        1d4       4%          1
b - Ignite Poison         Fire/Tmut/Pois 5%         N/A       16%         3

Your spell library contained the following spells:

 Spells                   Type           Power      Damage    Failure   Level
 Scorch                   Fire           2%         2d5       13%         2
 Olgreb's Toxic Radiance  Pois           9%         N/A       34%         4
 Animate Dead             Necr           1%         N/A       61%         4
 Flame Wave               Conj/Fire      1%         2d4       61%         4
 Borgnjor's Vile Clutch   Necr/Erth      0%         N/A       90%         5
 Death Channel            Necr           0%         N/A       100%        6
 Summon Cactus Giant      Summ           0%         N/A       100%        6


Dungeon Overview and Level Annotations

Branches:
Dungeon (4/15)
 Temple: D:4-7

Altars:


Innate Abilities, Weirdness & Mutations

You regenerate a little health from kills.
Your body sometimes deteriorates upon taking damage.
You are robust. (+10% HP)


Message History

The orc shouts!
You hit the orc.
The orc is heavily wounded.
The orc barely misses you.
You closely miss the orc.
The orc is heavily wounded.
The orc hits you with a +0 hand axe.
* * * LOW HITPOINT WARNING * * *
You barely miss the orc.
The orc is heavily wounded.
The orc misses you.
You hit the orc but do no damage.
The orc is heavily wounded.
The orc looks more healthy.
The orc hits you with a +0 hand axe.
* * * LOW HITPOINT WARNING * * *
Aiming: Sting (safe; 4% risk of failure)
Press: ? - help, Q - select action, (/) - cycle Shift-Dir - straight line, f/p - orc
Aim: an orc, wielding a +0 hand axe and wearing a +0 leather armour (severely wounded, 68% to hit)
The sting hits the orc but does no damage.
The orc is poisoned.
The orc is severely wounded.
The orc shouts!
The orc hits you but does no damage.
You closely miss the orc.
The orc is severely wounded.
The orc closely misses you.
You hit the orc.
You kill the orc!
The orc wizard mumbles some strange words.
The orc wizard flickers and vanishes!
Deactivating autopickup; reactivate with Ctrl-A.
Aiming: Sting (safe; 4% risk of failure)
Press: ? - help, Q - select action, (/) - cycle Shift-Dir - straight line, f - orc
Aim: an orc, wielding a +0 flail of protection (68% to hit)
The sting hits the orc.
The orc is poisoned.
The orc is moderately wounded.
The orc shouts!
You hear a shout!
The orc hits you with a +0 flail of protection.
You die...

####.########.# ##......
#..#######.## ##...†..
##.......#..### #.......
#######..(...# #.......
#### ####.#.### #.......
.... #.....# ##......
.... ##.##.# ##...#.
.... #..#... #......
.... ##@# #.. ..#....
.....# #.####o#####
......# .....#
#.........o# .####..##
......
......o.#..o............
.....
#######...##n...........
...# #o..# ### #..<.
..## .o... #.... ####..
....# ....... ......
..#... ######..


You could see 4 orcs.

Vanquished Creatures
  A necrophage (D:4)
  An adder (D:2)
  3 dart slugs
  8 orcs
  6 ball pythons
  11 bats
  2 endoplasms (D:1)
  4 giant cockroaches
  5 goblins
  4 hobgoblins
  9 jackals
  3 quokkas
  2 frilled lizards
  9 kobolds
  6 rats
74 creatures vanquished.

Notes
Turn   | Place    | Note
-------+----------+-------------------------------------------
     0 | D:1      | IdlyInterested the Demonspawn Wanderer began the quest for
                  | the Orb.
     0 | D:1      | IdlyInterested set off with the following items: a +0
                  | quarterstaff, 12 poisoned darts, a +0 dagger, a scroll of
                  | fear, a +0 robe; and the following spell memorised: Sting;
                  | and the following spells available to memorise: Ignite
                  | Poison, Olgreb's Toxic Radiance.
     0 | D:1      | Reached XP level 1. HP: 15/15 MP: 2/2
   210 | D:1      | Gained mutation: You regenerate a little health from kills.
                  | [demonic ancestry]
   210 | D:1      | Reached XP level 2. HP: 14/21 MP: 1/3
   352 | D:1      | Reached skill level 3 in Staves
   422 | D:1      | Found a faded altar of an unknown god.
  1043 | D:1      | Reached XP level 3. HP: 27/27 MP: 2/4
  1271 | D:2      | Reached skill level 1 in Armour
  1669 | D:2      | Learned a level 3 spell: Ignite Poison
  2004 | D:3      | Reached XP level 4. HP: 33/33 MP: 5/5
  2573 | D:3      | Reached skill level 1 in Stealth
  3041 | D:4      | Noticed a +0 spear
  3041 | D:4      | Noticed a +0 short sword
  3041 | D:4      | Noticed a +0 dagger
  3041 | D:4      | Noticed a +0 spear
  3041 | D:4      | Noticed a +0 falchion
  3041 | D:4      | Noticed a +0 short sword
  3042 | D:4      | Noticed a +0 falchion
  3042 | D:4      | Noticed a +0 dagger
  3336 | D:4      | Gained mutation: Your body sometimes deteriorates upon
                  | taking damage. [potion of mutation]
  3336 | D:4      | Gained mutation: You are robust. (+10% HP) [potion of
                  | mutation]
  3393 | D:4      | Noticed a necrophage
  3413 | D:4      | Killed a necrophage
  3414 | D:4      | Reached skill level 4 in Staves
  3414 | D:4      | Reached skill level 1 in Transmutations
  3414 | D:4      | Reached XP level 5. HP: 13/41 MP: 4/7
  3423 | D:4      | Slain by an orc

Illustrated notes

Levels and vault maps discovered:
D:1:      lightli_arrival_isolated_outpost, layout_basic,
          shapermc_ecumenical_altar_mp_vishouse, minmay_misc_feat_tiny,
          grunt_decor_junction, reono_crystal_passage, st_stairs_8,
          minmay_misc_feat_square
D:2:      layout_rooms
D:3:      layout_basic, kennysheep_generic_room_3
D:4:      layout_rooms, nicolae_uskayaw_en_pointe,
          mainiacjoe_overflow_tiny_flanked, uniq_blork_the_orc

Skill      XL: |  1  2  3  4 |
---------------+-------------+-----
Throwing       | 2 |  2.0
Staves         | 3 4 |  4.0
Armour         | 1 |  1.0
Fighting       | 2 |  2.0
Stealth        | 1 |  1.4
Transmutations | 1 |  1.2
Dodging        | |  1.0
Spellcasting   | |  1.5
Poison Magic   | |  2.0

Action                   |  1- 3 |  4- 6 || total
-------------------------+-------+-------++-------
Melee: Quarterstaff      |   128 |    66 ||   194
 Cast: Sting             |    36 |    26 ||    62
  Use: Scroll            |     8 |       ||     8
       Potion            |       |     2 ||     2
 Stab: Sleeping          |       |     1 ||     1
Armor: Robe              |    10 |       ||    10
       Leather armour    |    57 |    25 ||    82
Dodge: Dodged            |    82 |    48 ||   130

Table legend: (Time is in decaauts)
 A = Elapsed time spent in this place.
 B = Non-inter-level travel time spent in this place.
 C = Inter-level travel time spent in this place.
 D = Time resting spent in this place.
 E = Time spent auto-exploring this place.
 F = Levels seen in this place.
 G = Mean time per level.
                   A        B        C        D        E       F      G
               +--------+--------+--------+--------+--------+-----+--------+
         Total |   3457 |   3109 |    348 |    663 |   1680 |   4 |  864.2 |
       Dungeon |   3457 |   3109 |    348 |    663 |   1680 |   4 |  864.2 |
               +--------+--------+--------+--------+--------+-----+--------+

Top non-repeatable levels by time:
     D:3: 1227 daAuts
     D:1: 1201 daAuts
     D:2: 756 daAuts
     D:4: 271 daAuts
